Cogmind - Beta 10.2 @@@ ROGUE MODE // 2020.12.31 @ 05:12:30 Player: aperiodic Result: Escaped! Performance ------------- Evolutions (9) 4500 Regions Visited (30) 6000 Robots Destroyed (377) 1885 Value Destroyed (13927) 13927 Prototype IDs (139) 2780 Alien Tech Used (0) 0 Bonus (15363) 15363 TOTAL SCORE: 44455 Bonus ------- Triggered High Security 1000 High Alert Combat Kills 5705 Follower Combat Kills 777 Aligned with FarCom 300 Met Data Miner 300 Destroyed Z-Imprinter 1000 Exposed GOLEM Chamber 500 Met Warlord at Base 500 MAIN.C Attacked Warlord 500 Warlord Defense Kill 300 Met Warlord at Research 2000 Win 3000 Friendly Fire -519 Cogmind --------- Core Integrity 1579/1600 Matter 217/300 Energy 641/1170 System Corruption 3% Temperature Cool (117) Movement Flying (13) Location To Epsilon Eridani Parts ------- > --- POWER (2) -------- Compact Particle Reactor Compact Particle Reactor > --- PROPULSION (4) --- Cooled Field Propulsion Drive Electron Diverter Electron Diverter Electron Diverter > --- UTILITY (16) ----- Fusion Compressor Experimental Coolant Injector Lightpack 2.0 Zionite Biocell Assembled Suspension Frame Dimensional Manipulator Zionite Metafield Generator Experimental Melee Analysis Suite Advanced ECM Suite Advanced Reaction Control System Experimental Phase Shifter Experimental Utility Shielding Zionite Weapon Casing Assembled Alloy Armor Experimental Force Field > --- WEAPON (3) ------- Guided Plasma Cannon Plasma Lance CR-A16's Behemoth Slayer > --- INVENTORY (24) --- Light Quantum Reactor Zionite Biocell (0) Inertial Stasis Machine Surveybot 24 Chip Experimental Melee Analysis Suite Nanoactuators Advanced Actuator Array Zionite Heavy Carapace Advanced Powered Armor Advanced Recalibrator Combat Drone Bay (2/2) GOLEM Unit Mini Smartbomb Launcher Peak State ------------ > --- POWER ------------ Compact Particle Reactor Compact Particle Reactor > --- PROPULSION ------- Cooled Field Propulsion Drive Electron Diverter Electron Diverter Electron Diverter > --- UTILITY ---------- Fusion Compressor Experimental Coolant Injector Lightpack 2.0 Zionite Biocell Assembled Suspension Frame Dimensional Manipulator Zionite Metafield Generator Advanced Reaction Control System Experimental Phase Shifter Experimental Utility Shielding Zionite Weapon Casing Assembled Alloy Armor Advanced Powered Armor Experimental Force Field System Mapper > --- WEAPON ----------- Mini Smartbomb Launcher Plasma Lance CR-A16's Behemoth Slayer > --- INVENTORY -------- Light Quantum Reactor Zionite Biocell Inertial Stasis Machine Surveybot 24 Chip Experimental Melee Analysis Suite Experimental Melee Analysis Suite Nanoactuators Advanced Actuator Array Advanced ECM Suite Zionite Heavy Carapace Advanced Recalibrator Combat Drone Bay GOLEM Unit Guided Plasma Cannon [Rating: 224] Favorites ----------- Power Zionite Light DM Reactor Engine Improved Ion Engine Power Core Light Fission Core Reactor Zionite Light DM Reactor Propulsion Electron Diverter Treads Light Treads Wheel Armored Wheel Hover Unit Zionite Glidesys II Flight Unit Electron Diverter Utility High-capacity Storage Unit Device Assembled Suspension Frame Storage High-capacity Storage Unit Processor Advanced Targeting Computer Hackware Improved Hacking Suite Protection Assembled Alloy Armor Weapon Mini Smartbomb Launcher Energy Gun Medium Laser Energy Cannon Guided Plasma Cannon Ballistic Gun Autogun Ballistic Cannon Improved Light Cannon Launcher Mini Smartbomb Launcher Special Weapon Mining Laser Impact Weapon Powered Hammer Slashing Weapon Plasma Sword Piercing Weapon CR-A16's Pointy Stick Build | -11 -10 -10 -10 -9 -8 -8 -7 -7 -7 -7 -6 -6 -6 -6 -6 -6 -5 -5 -5 -5 -5 -5 -5 -4 -4 -4 -4 -3 -2 -1 ------- Run | Scr Mat Min Exi Min Mat Sto Fac Low Low Dat Pro Fac Low Low Zio Dee Pro Fac Was Fac Upp Upp War Pro Fac Arm Lab Res Res Acc Slots Evolved 18 | . . . . . 4 . 2 . . . . 2 . . . . . 2 . . . . . . 2 . . 2 2 2 Power 1 | . . . . . . . 1 . . . . . . . . . . . . . . . . . . . . . . . Propulsion 2 | . . . . . 1 . 1 . . . . . . . . . . . . . . . . . . . . . . . Utility 14 | . . . . . 3 . . . . . . 2 . . . . . 2 . . . . . . 2 . . 2 2 1 Weapon 1 | . . . . . . . . . . . . . . . . . . . . . . . . . . . . . . 1 Parts Attached 593 | 10 22 6 4 . 77 59 57 . . . 7 36 5 1 7 63 . 14 1 37 6 4 16 4 49 30 1 29 31 17 Power 28 | 1 1 1 . . 3 2 6 . . . 1 3 1 . . 3 . . . . . . 1 . . . . . 4 1 Engine 14 | 1 1 1 . . 2 2 6 . . . 1 . . . . . . . . . . . . . . . . . . . Core 5 | . . . . . 1 . . . . . . 3 1 . . . . . . . . . . . . . . . . . Reactor 9 | . . . . . . . . . . . . . . . . 3 . . . . . . 1 . . . . . 4 1 Propulsion 127 | 5 13 3 2 . 35 26 14 . . . . 4 . . . 9 . 1 . . . . 2 . 4 1 . 8 . . Treads 45 | . 7 2 . . 19 12 5 . . . . . . . . . . . . . . . . . . . . . . . Leg . | . . . . . . . . . . . . . . . . . . . . . . . . . . . . . . . Wheel 44 | 5 6 1 2 . 16 14 . . . . . . . . . . . . . . . . . . . . . . . . Hover 4 | . . . . . . . . . . . . . . . . 4 . . . . . . . . . . . . . . Flight 34 | . . . . . . . 9 . . . . 4 . . . 5 . 1 . . . . 2 . 4 1 . 8 . . Utility 221 | 2 3 . 2 . 17 6 10 . . . 3 5 3 . 3 38 . 8 1 19 6 2 11 4 19 19 . 16 14 10 Device 112 | . . . . . 1 1 4 . . . . . 1 . 2 18 . 4 1 11 5 2 8 2 12 15 . 9 8 8 Storage 25 | 2 3 . 2 . 4 . 2 . . . . . . . . 8 . . . 1 . . . . . . . 1 1 1 Processor 7 | . . . . . 1 . 2 . . . . . 1 . 1 1 . . . . . . . . . . . . . 1 Hackware 21 | . . . . . . 1 1 . . . . 5 . . . . . 4 . 4 . . . . 4 . . 2 . . Protection 56 | . . . . . 11 4 1 . . . 3 . 1 . . 11 . . . 3 1 . 3 2 3 4 . 4 5 . Artifact . | . . . . . . . . . . . . . . . . . . . . . . . . . . . . . . . Weapon 217 | 2 5 2 . . 22 25 27 . . . 3 24 1 1 4 13 . 5 . 18 . 2 2 . 26 10 1 5 13 6 Energy Gun 17 | 1 2 . . . 5 4 1 . . . . . . . . 2 . . . . . . 1 . . . . . 1 . Energy Cannon 57 | . . . . . 2 . 5 . . . 1 10 . . 1 4 . 2 . 8 . 1 . . 13 5 . 1 2 2 Ballistic Gun 39 | 1 1 . . . 7 12 9 . . . . 1 1 . . 6 . . . . . . . . . . . . 1 . Ballistic Cannon 6 | . 2 2 . . 2 . . . . . . . . . . . . . . . . . . . . . . . . . Launcher 33 | . . . . . 4 8 6 . . . 2 1 . 1 . 1 . . . . . . 1 . . 1 . 1 5 2 Special Weapon 3 | . . . . . 2 1 . . . . . . . . . . . . . . . . . . . . . . . . Impact Weapon 20 | . . . . . . . 6 . . . . 12 . . 2 . . . . . . . . . . . . . . . Slashing Weapon 1 | . . . . . . . . . . . . . . . . . . . . 1 . . . . . . . . . . Piercing Weapon 41 | . . . . . . . . . . . . . . . 1 . . 3 . 9 . 1 . . 13 4 1 3 4 2 Special Melee Weapon . | . . . . . . . . . . . . . . . . . . . . . . . . . . . . . . . Unidentified Prototypes 38 | . . . . . 2 2 4 . . . . 1 . . 1 11 . . . 2 . . 8 . 1 . . 2 4 . Parts Lost 14 | . 1 1 . . 4 2 3 . . . . . . . . . . . . . . . . . 2 . . 1 . . Power 3 | . . 1 . . . . 2 . . . . . . . . . . . . . . . . . . . . . . . Propulsion 6 | . . . . . 2 1 1 . . . . . . . . . . . . . . . . . 1 . . 1 . . Utility 4 | . . . . . 2 1 . . . . . . . . . . . . . . . . . . 1 . . . . . Weapon 1 | . 1 . . . . . . . . . . . . . . . . . . . . . . . . . . . . . Highest Loss Streak 3 | . 1 1 . . 3 1 1 . . . . . . . . . . . . . . . . . 2 . . 1 . . Average Slot Usage (%) 89 | . 100 93 100 100 98 99 81 69 69 69 71 85 81 80 81 89 93 87 88 88 88 88 84 82 81 84 84 82 90 94 Engine 4 | . 14 8 14 14 6 8 9 7 7 7 7 . . . . . . . . . . . . . . . . . . . Core 1 | . . . . . 2 . . . . . . 12 13 13 13 1 . . . . . . . . . . . . . . Reactor 3 | . . . . . . . . . . . . . . . . 11 13 11 11 11 11 11 7 5 5 5 5 4 4 8 Treads 5 | . 16 16 15 . 11 15 4 . . . . . . . . . . . . . . . . . . . . . . . Wheel 4 | . 11 11 12 28 15 11 3 . . . . . . . . . . . . . . . . . . . . . . . Hover 1 | . . . . . . . . . . . . . . . . 21 . . . . . . . . . . . . . . Flight 11 | . . . . . . . 18 30 30 30 30 26 26 26 26 4 26 17 17 17 17 17 16 17 16 21 21 15 17 16 Device 5 | . . . . . . . . . . . . . 4 6 1 6 20 12 11 10 10 11 10 14 13 13 15 16 15 20 Storage 13 | . 28 28 28 28 27 27 12 7 7 7 7 6 6 6 6 6 6 5 5 5 5 5 5 5 5 5 5 4 4 6 Processor 1 | . . . . . . . 6 . . . . . 4 6 8 6 . . . . . . . . . . . . . 1 Hackware 13 | . . . . . . 6 9 15 15 15 15 32 17 13 13 11 . 20 23 23 23 23 20 17 25 24 21 25 26 13 Protection 7 | . . . . . 16 11 2 7 7 7 7 . 4 6 6 5 13 5 5 5 5 5 7 8 6 7 10 9 13 15 Energy Gun 1 | . 13 . . . 2 3 1 . . . . . . . . . . . . . . . . . . . . . . . Energy Cannon 1 | . . . . . . . . . . . . . . . . 5 . . . . . . . . . 2 . 1 1 . Ballistic Gun 3 | . 13 . . . 8 13 4 . . . . . 1 . . 3 6 2 . . . . . . . . . . . . Ballistic Cannon 2 | . . 27 28 28 5 . . . . . . . . . . . . . . . . . . . . . . . . . Launcher 1 | . . . . . . . . . . . 2 . . . . 1 6 5 5 5 5 5 5 5 2 . . . 2 3 Piercing Weapon 1 | . . . . . . . . . . . . . . . 3 . . 2 5 4 5 4 5 5 4 2 5 4 3 7 Naked Turns . | . . . . . . . . . . . . . . . . . . . . . . . . . . . . . . . Heaviest Build 152 | 17 42 47 79 79 149 152 134 18 18 18 24 27 26 26 26 63 42 46 40 46 40 45 67 67 75 85 73 76 81 86 Greatest Support 106 | 32 40 40 40 24 62 62 86 20 20 20 25 27 27 27 27 106 50 58 46 46 46 46 68 68 73 73 73 91 86 86 Greatest Overweight (x) 5 | 2 1 3 3 3 3 5 5 . . . . 1 . . . 1 . . . . . . 1 . 1 2 . 1 . . Average Overweight (x) . | . . . 2 3 2 2 . . . . . . . . . . . . . . . . . . . . . . . . Largest Inventory Capacity 34 | 8 16 16 20 20 34 28 28 24 24 24 24 24 24 24 24 24 24 24 24 24 24 24 24 24 24 24 24 24 24 24 Average Capacity 22 | 6 13 16 19 20 27 28 24 24 24 24 24 24 24 24 24 16 24 24 24 24 24 24 24 24 24 24 24 24 24 24 Most Carried 28 | 5 16 16 18 19 28 28 28 24 24 24 24 24 24 23 24 24 24 24 24 24 24 24 24 24 24 24 24 24 24 23 Average Carried 21 | 4 12 15 15 18 24 27 18 24 24 24 23 23 22 22 23 9 23 23 23 23 23 24 23 24 23 22 24 23 23 19 Final Capacity 28 | 8 16 16 20 20 28 28 24 24 24 24 24 24 24 24 24 24 24 24 24 24 24 24 24 24 24 24 24 24 24 24 Final Carried 28 | 5 16 15 18 19 28 27 24 24 24 24 23 24 23 23 24 24 24 24 24 24 24 24 24 24 22 24 24 24 23 16 Class Distribution -------------------- 27% | Hauler-Mutant 25% | Hacker-Sprinter 17% | Wizard-Sprinter 10% | Mutant 9% | Hauler-Sprinter 5% | Scavenger-Mutant Dominant Class ---------------- Mutant | -10/Materials Mutant | -10/Mines Hauler-Mutant | -10/Exiles Hauler-Mutant | -9/Mines Hauler-Mutant | -8/Materials Hauler-Mutant | -8/Storage Hauler-Sprinter | -7/Factory Hauler-Sprinter | -7/Lower Caves Hauler-Sprinter | -7/Lower Caves Hauler-Sprinter | -7/Data Miner Hauler-Sprinter | -6/Proximity Caves Hacker-Sprinter | -6/Factory Hacker-Sprinter | -6/Lower Caves Hacker-Sprinter | -6/Lower Caves Hacker-Sprinter | -6/Zion Scavenger-Mutant | -6/Deep Caves Hauler-Sprinter | -5/Proximity Caves Hacker-Sprinter | -5/Factory Hacker-Sprinter | -5/Waste Hacker-Sprinter | -5/Factory Hacker-Sprinter | -5/Upper Caves Hacker-Sprinter | -5/Upper Caves Hacker-Sprinter | -5/Warlord Hacker-Sprinter | -4/Proximity Caves Wizard-Sprinter | -4/Factory Wizard-Sprinter | -4/Armory Wizard-Sprinter | -4/Lab Wizard-Sprinter | -3/Research Wizard-Sprinter | -2/Research Wizard-Sprinter | -1/Access Resources | -11 -10 -10 -10 -9 -8 -8 -7 -7 -7 -7 -6 -6 -6 -6 -6 -6 -5 -5 -5 -5 -5 -5 -5 -4 -4 -4 -4 -3 -2 -1 ----------- Run | Scr Mat Min Exi Min Mat Sto Fac Low Low Dat Pro Fac Low Low Zio Dee Pro Fac Was Fac Upp Upp War Pro Fac Arm Lab Res Res Acc Matter Collected 12443 | 342 569 241 20 20 1792 1750 864 . 192 . 147 390 104 . 94 968 139 491 . 401 130 180 260 53 497 346 . 397 1490 566 Remotely . | . . . . . . . . . . . . . . . . . . . . . . . . . . . . . . . Salvage Created 13412 | 174 750 31 . . 1761 2729 893 . . . 36 263 . 10 . 652 55 617 . 320 41 164 113 66 630 268 . 664 2241 934 Parts 653 | 12 58 . . . 103 133 56 . . . 1 6 . 6 . 21 1 31 . 30 4 4 3 9 28 7 . 35 68 37 Haulers Intercepted 23 | . 2 . . . 6 6 3 . . . . . . . . . . . . . . . . . . . . . 4 2 Recyclers Shooed 10 | 1 . . . . . 5 1 . . . . 1 . . . . . 1 . . . . . . 1 . . . . . Parts Field Recycled . | . . . . . . . . . . . . . . . . . . . . . . . . . . . . . . . Retrieved Matter . | . . . . . . . . . . . . . . . . . . . . . . . . . . . . . . . Parts Self-Destructed 31 | . . . . . . . . . 3 . 8 . . 1 . . . . . . 7 2 4 6 . . . . . . Prevented 10 | . . . . . . . . . . . 1 . . 1 . . . . . . . . 8 . . . . . . . Kills | -11 -10 -10 -10 -9 -8 -8 -7 -7 -7 -7 -6 -6 -6 -6 -6 -6 -5 -5 -5 -5 -5 -5 -5 -4 -4 -4 -4 -3 -2 -1 ------- Run | Scr Mat Min Exi Min Mat Sto Fac Low Low Dat Pro Fac Low Low Zio Dee Pro Fac Was Fac Upp Upp War Pro Fac Arm Lab Res Res Acc Combat Hostiles Destroyed 256 | . 16 8 . . 32 54 16 . . . 1 3 . 4 . 6 3 3 . 7 4 8 3 5 3 5 . 5 52 18 Melee 1 | . . . . . . . . . . . . . . . . . . . . . . . . . . . . 1 . . Guns 50 | . 15 . . . 7 22 6 . . . . . . . . . . . . . . . . . . . . . . . Cannons 35 | . 1 8 . . 11 . . . . . . . . . . 3 . . . 3 . . . . 3 2 . 3 1 . AOE 165 | . . . . . 14 32 10 . . . 1 3 . 4 . . 3 3 . 4 4 8 3 5 . 3 . . 50 18 Classes Destroyed 25 | 2 6 1 . . 7 . 1 . . . . . . . . 1 . . . . . . . . . . . 1 6 . Worker 35 | . . . . . 4 8 3 . . . . 3 . . . . . 4 . 2 . . . . 2 . . 1 2 6 Builder 9 | . 3 . . . . 1 2 . . . . . . . . . . 2 . . . . . . . . . . . 1 Tunneler 9 | 4 . . . . . . 2 . . . . . . . . . . . . . . . . . 1 . . 1 . 1 Hauler 23 | . 2 . . . 6 6 3 . . . . . . . . . . . . . . . . . . . . . 4 2 Recycler 14 | 1 . . . . 2 3 2 . . . . 1 . . . . . 2 . . . . . . 2 . . . . 1 Mechanic 6 | . . . . . 1 3 . . . . . . . . . . . 1 . . . . . . . . . . 1 . Operator 8 | . 1 . . . 1 . . . . . . . . . . . . 2 . 2 . . . . 1 . . . 1 . Watcher 27 | . 3 . . . 5 1 2 . . . . 3 . . . . . 1 . 2 . . . . 3 . . 3 2 2 Swarmer 60 | . 6 . . . . 3 7 . . . . 3 . 4 . . . . . 4 4 3 . 5 . . . . 9 12 Saboteur 1 | . . . . . . . . . . . . . . . . . . . . . . . . . . . . . 1 . Grunt 102 | . 10 . . . 21 27 2 . . . 1 . . . . . 2 3 . . . 5 2 . . 4 . . 20 5 Brawler 10 | . . . . . 2 3 2 . . . . . . . . . 1 . . . . . . . . . . . 2 . Duelist 10 | . . . . . 1 7 . . . . . . . . . . . . . . . . 1 . . . . . 1 . Protector 9 | . . . . . 1 3 . . . . . . . . . . . . . . . . . . . . . . 5 . Sentry 27 | . . . . . 6 11 . . . . . . . . . . . . . 1 . . . . 1 1 . 4 2 1 Demolisher 1 | . . . . . . . . . . . . . . . . . . . . . . . . . . . . . 1 . Hunter 7 | . . . . . 1 . 2 . . . . . . . . . . . . . . . . . . . . . 4 . Programmer 12 | . . . . . . . 3 . . . . . . . . . . . . 2 . . . . 2 . . . 5 . Behemoth 1 | . . . . . . . . . . . . . . . . . . . . . . . . . . . . 1 . . Investigator 1 | . . . . . . . . . . . . . . . . . . . . . . . . . . . . . 1 . Striker 1 | . . . . . . . . . . . . . . . . . . . . . . . . . . . . . 1 . Executioner 1 | . . . . . . . . . . . . . . . . . . . . . . . . . . . . . 1 . Z-Technician 5 | . . . . . . . . . . . . . . . . 5 . . . . . . . . . . . . . . Assembled 9 | . . 8 . . . . . . . . . . . . . 1 . . . . . . . . . . . . . . Golem 5 | . . . . . . . . . . . . . . . . 5 . . . . . . . . . . . . . . Thug 1 | . . . . . . 1 . . . . . . . . . . . . . . . . . . . . . . . . Hydra 1 | . . . . . . . . . . . . . . . . . . . . . . . . . . . . . 1 . Best Kill Streak 14 | 3 4 3 . . 12 9 8 . . . 1 3 . 4 . 5 3 9 . 4 4 5 3 5 5 4 . 3 13 14 Combat Bots Only 13 | . 4 3 . . 11 8 4 . . . 1 3 . 4 . 3 3 3 . 4 4 5 3 5 2 4 . 1 13 12 Max Kills in Single Turn 5 | 1 1 1 . . 3 5 5 . . . 1 3 . 3 . 1 1 3 . 4 3 3 1 5 1 1 . 1 4 5 Gunslinging . | . . . . . . . . . . . . . . . . . . . . . . . . . . . . . . . Exploded 5 | . . . . . 3 3 3 . . . 1 3 . 3 . . 1 2 . 4 3 3 1 5 . 1 . . 4 5 Melee 1 | . . . . . . . . . . . . . . . . . . . . . . . . . . . . 1 . . Uniques/NPCs Destroyed 1 | . . . . . . . . . . . . . . . . 1 . . . . . . . . . . . . . . Z-Imprinter (-6/Deep Caves) Combat | -11 -10 -10 -10 -9 -8 -8 -7 -7 -7 -7 -6 -6 -6 -6 -6 -6 -5 -5 -5 -5 -5 -5 -5 -4 -4 -4 -4 -3 -2 -1 -------- Run | Scr Mat Min Exi Min Mat Sto Fac Low Low Dat Pro Fac Low Low Zio Dee Pro Fac Was Fac Upp Upp War Pro Fac Arm Lab Res Res Acc Damage Taken 7640 | . 636 290 . . 1272 2449 571 . 18 . 114 66 . 53 . 185 42 36 . 51 112 41 . 127 512 207 . 444 96 318 Core 833 | . 127 40 . . 76 99 40 . . . 39 44 . 15 . . . 19 . . 66 . . 34 87 19 . 89 18 21 Absorbed by Shields 224 | . . . . . . . . . . . . . . 20 . . . . . . . . . . 23 18 . . . 163 Core Remaining (%) 84 | 100 . . . 33 . 68 . . . . 88 . . . . . 93 . . . . . . 88 . . 90 93 98 98 Volleys Fired 878 | 14 70 22 . . 120 164 74 . . . 4 54 . 4 1 86 6 9 . 29 2 11 5 1 42 22 . 36 83 19 Largest 2 | 2 2 2 . . 2 2 2 . . . 1 1 . 1 1 2 1 1 . 1 1 1 1 1 1 1 . 1 1 1 Hottest 132 | 70 70 78 . . 100 100 75 . . . 36 80 . 80 35 132 80 120 . 120 80 120 80 80 120 120 . 120 120 120 Shots Fired 1255 | 28 140 43 . . 223 289 94 . . . 4 54 . 4 1 112 6 9 . 29 2 11 5 1 42 22 . 35 82 19 Gun 605 | 28 138 2 . . 88 255 48 . . . . 13 . . . 33 . . . . . . . . . . . . . . Cannon 468 | . 2 41 . . 114 . 33 . . . . 39 . . 1 79 . 6 . 28 . 4 . . 42 18 . 34 24 3 Launcher 178 | . . . . . 18 33 13 . . . 4 2 . 4 . . 6 3 . 1 2 7 5 1 . 4 . 1 58 16 Special 4 | . . . . . 3 1 . . . . . . . . . . . . . . . . . . . . . . . . Kinetic 609 | 14 71 42 . . 162 229 45 . . . . 13 . . . 33 . . . . . . . . . . . . . . Thermal 402 | 14 69 1 . . 24 22 32 . . . . 39 . . 1 41 . 6 . 28 . 4 . . 42 18 . 34 24 3 Explosive 178 | . . . . . 18 33 13 . . . 4 2 . 4 . . 6 3 . 1 2 7 5 1 . 4 . 1 58 16 Electromagnetic 66 | . . . . . 19 5 4 . . . . . . . . 38 . . . . . . . . . . . . . . Robot Hit Streak 25 | 4 11 8 . . 17 18 19 . . . 8 9 . 8 . 12 . 2 . . . . 4 . 15 17 . 18 24 25 Robot Miss Streak 6 | 2 6 6 . . 3 5 2 . . . . 2 . . . 5 . . . . . . . . . . . . . . Penetration Max 1 | . . . . . . . . . . . . 1 . . . . . . . . . . . . . . . . . . Secondary Targets 6 | . . . . . 2 4 . . . . . . . . . . . . . . . . . . . . . . . . Max Gunslinging Chain 1 | . . . . . 1 1 . . . . . . . . . . . . . . . . . . . . . . . . Shots Hit Robots 719 | 17 98 22 . . 149 205 60 . . . 3 18 . 2 . 54 . 10 . 5 . . 2 . 17 2 . 16 22 17 Core Hits 751 | 6 42 9 . . 88 156 41 . . . 12 9 . 5 . 42 7 20 . 14 4 16 11 5 17 10 . 18 171 48 Critical Hits 26 | . 1 1 . . 5 2 . . . . . 5 . . . . . . . 1 . . . . 1 . . 2 6 2 Critical Kills 10 | . 1 1 . . 1 . . . . . . . . . . . . . . 1 . . . . 1 . . . 3 2 Critical Parts Destroyed 14 | . . . . . 4 2 . . . . . 4 . . . . . . . . . . . . . . . 1 3 . Melee Attacks 305 | . . . . . . . 25 . . . . 85 . . 8 . . 16 . 19 1 3 . . 31 16 3 34 24 40 Impact 118 | . . . . . . . 25 . . . . 85 . . 8 . . . . . . . . . . . . . . . Slashing . | . . . . . . . . . . . . . . . . . . . . . . . . . . . . . . . Piercing 187 | . . . . . . . . . . . . . . . . . . 16 . 19 1 3 . . 31 16 3 34 24 40 Sneak Attacks 44 | . . . . . . . 4 . . . . 4 . . . . . 6 . 4 . . . . 4 . . 4 8 10 Combat Hostiles 1 | . . . . . . . . . . . . . . . . . . . . . . . . . . . . 1 . . Follow-up Attacks 4 | . . . . . . . . . . . . . . . . . . . . . . . . . . . . . 1 3 Damage Inflicted 52360 | 225 1219 397 . . 4238 7374 2507 . . . 447 1139 . 511 . 1130 747 1643 . 2071 498 1479 1114 389 1711 1176 . 1979 15456 4910 Guns 6361 | 225 1178 25 . . 1082 2870 550 . . . . 66 . . . 365 . . . . . . . . . . . . . . Cannons 6594 | . 16 372 . . 1474 . 26 . . . . . . . . 765 . . . 897 . . . . 1157 423 . 970 494 . Explosions 32357 | . . . . . 1670 4504 1315 . . . 447 413 . 511 . . 747 838 . 645 498 1479 1114 389 . 753 . . 13461 3573 Melee 7006 | . . . . . . . 611 . . . . 660 . . . . . 805 . 529 . . . . 554 . . 1009 1501 1337 Ramming 42 | . 25 . . . 12 . 5 . . . . . . . . . . . . . . . . . . . . . . . Kinetic 6348 | 110 495 384 . . 1966 2468 494 . . . . 66 . . . 365 . . . . . . . . . . . . . . Thermal 5553 | 115 699 13 . . 372 309 . . . . . . . . . 104 . . . 897 . . . . 1157 423 . 970 494 . Explosive 32021 | . . . . . 1637 4504 1315 . . . 447 413 . 511 . . 747 838 . 645 498 1479 1114 389 . 753 . . 13461 3270 Electromagnetic 1390 | . . . . . 251 93 82 . . . . . . . . 661 . . . . . . . . . . . . . 303 Impact 1271 | . . . . . . . 611 . . . . 660 . . . . . . . . . . . . . . . . . . Slashing . | . . . . . . . . . . . . . . . . . . . . . . . . . . . . . . . Piercing 5735 | . . . . . . . . . . . . . . . . . . 805 . 529 . . . . 554 . . 1009 1501 1337 Highest Corruption 8 | . 1 1 1 1 . . 6 6 6 6 6 . . . . . . . 8 8 2 2 2 . 5 2 . . 1 3 Average Corruption 2 | . 1 1 1 1 . . 3 6 6 6 6 . . . . . . . 8 4 2 2 2 . 3 1 . . 1 2 Corruption Purged 12 | . . . . . . . . . . . . . . . . . . . . 7 . . . . 3 2 . . . . Effects 112 | . . 5 2 . . . 23 1 8 1 8 . . . . . . . 1 31 4 3 . . 14 7 . . 2 2 Message Errors 31 | . . 1 1 . . . 4 1 2 . 2 . . . . . . . . 10 1 1 . . 2 4 . . 1 1 Matter Fused 14 | . . . . . . . 3 . 2 . 3 . . . . . . . . 2 . . . . 4 . . . . . Heat Flow Errors 19 | . . . . . . . 7 . 1 1 1 . . . . . . . . 3 2 1 . . 2 1 . . . . Energy Discharges 18 | . . 1 1 . . . 4 . 2 . 2 . . . . . . . . 4 1 . . . 1 1 . . 1 . Data Loss (minor) 18 | . . 1 . . . . 3 . 1 . . . . . . . . . 1 8 . . . . 4 . . . . . Targeting Errors 11 | . . 1 . . . . 2 . . . . . . . . . . . . 4 . 1 . . 1 1 . . . 1 Weapon Failures 1 | . . 1 . . . . . . . . . . . . . . . . . . . . . . . . . . . . Overload Shots . | . . . . . . . . . . . . . . . . . . . . . . . . . . . . . . . Overflow Damage 2888 | . . 5 . . 49 114 144 . . . . 305 . 100 . 28 43 82 . 191 . 179 93 . 149 96 . 146 632 532 Projectiles 122 | . . 5 . . 20 . . . . . . . . . . 28 . . . 34 . . . . 30 3 . 2 . . Explosions 1383 | . . . . . 29 114 14 . . . . 47 . 100 . . 43 19 . . . 179 93 . . 93 . . 497 155 Melee 1383 | . . . . . . . 130 . . . . 258 . . . . . 63 . 157 . . . . 119 . . 144 135 377 Knockbacks 24 | . . 4 . . 14 . 2 . . . . 4 . . . . . . . . . . . . . . . . . . Impact 6 | . . . . . . . 2 . . . . 4 . . . . . . . . . . . . . . . . . . Kinetic 17 | . . 4 . . 13 . . . . . . . . . . . . . . . . . . . . . . . . . Secondary 1 | . . . . . 1 . . . . . . . . . . . . . . . . . . . . . . . . . Self-Inflicted Damage 146 | . . . . . 43 28 38 . . . . . . . . . . . . . . 28 . 9 . . . . . . Shots 5 | . . . . . 1 1 1 . . . . . . . . . . . . . . 1 . 1 . . . . . . Rammed 6 | . 4 . . . 1 . 1 . . . . . . . . . . . . . . . . . . . . . . . Targets Rammed 6 | . 4 . . . 1 . 1 . . . . . . . . . . . . . . . . . . . . . . . Kicked . | . . . . . . . . . . . . . . . . . . . . . . . . . . . . . . . Crushed . | . . . . . . . . . . . . . . . . . . . . . . . . . . . . . . . Highest Temperature 429 | 36 306 107 . . 402 253 282 . 291 278 158 88 . 176 2 429 236 304 222 363 252 263 164 42 246 324 18 288 268 258 Average Temperature 87 | 15 64 43 . . 85 47 91 . 150 215 53 38 . 92 1 122 118 92 116 99 86 111 93 24 88 79 12 74 77 121 Received Heat Transfer 2157 | . 252 69 . . 549 963 30 . 9 . 54 . . 14 . 24 9 9 . 9 . . . 9 9 18 . 81 9 40 Effects 13 | . 1 . . . . 1 1 . . . . . . . . 4 . . . 1 . . . . 1 1 . . 3 . Shutdowns 1 | . . . . . . . . . . . . . . . . 1 . . . . . . . . . . . . . . Energy Bleed 4 | . 1 . . . . 1 . . . . . . . . . . . . . . . . . . 1 . . . 1 . Interference 6 | . . . . . . . 1 . . . . . . . . 2 . . . 1 . . . . . . . . 2 . Matter Decay 2 | . . . . . . . . . . . . . . . . 1 . . . . . . . . . 1 . . . . Siege Activations . | . . . . . . . . . . . . . . . . . . . . . . . . . . . . . . . Robots Corrupted 3 | . . . . . . . . . . . . . . . . 3 . . . . . . . . . . . . . . Combat Hostiles 3 | . . . . . . . . . . . . . . . . 3 . . . . . . . . . . . . . . Parts Fried 22 | . . . . . . 1 7 . . . . 7 . . . . . . . . . . . . . . . . . 7 Impact Corruptions 18 | . . . . . . . 9 . . . . 9 . . . . . . . . . . . . . . . . . . Robots Melted 2 | . . . . . . . . . . . . . . . . . . . . . . . . . . . . 1 1 . Combat Hostiles 1 | . . . . . . . . . . . . . . . . . . . . . . . . . . . . . 1 . Parts Melted 15 | . 2 . . . . 2 . . . . . . . . . . . . . . . . . . 6 . . 2 3 . Heat Transferred 12731 | 333 2072 37 . . 753 666 . . . . . . . . . 150 . . . 1840 . . . . 2560 960 . 2240 1120 . Parts Sabotaged . | . . . . . . . . . . . . . . . . . . . . . . . . . . . . . . . Parts Stolen . | . . . . . . . . . . . . . . . . . . . . . . . . . . . . . . . Parts Stripped . | . . . . . . . . . . . . . . . . . . . . . . . . . . . . . . . Power Chain Reactions 1 | . . . . . 1 . . . . . . . . . . . . . . . . . . . . . . . . . Missiles Intercepted . | . . . . . . . . . . . . . . . . . . . . . . . . . . . . . . . Alert | -11 -10 -10 -10 -9 -8 -8 -7 -7 -7 -7 -6 -6 -6 -6 -6 -6 -5 -5 -5 -5 -5 -5 -5 -4 -4 -4 -4 -3 -2 -1 ------- Run | Scr Mat Min Exi Min Mat Sto Fac Low Low Dat Pro Fac Low Low Zio Dee Pro Fac Was Fac Upp Upp War Pro Fac Arm Lab Res Res Acc Peak Influence 3119 | 25 385 105 . . 827 1605 965 . . . . 452 . . . . . 498 131 504 . . . . 434 461 . 637 3119 3119 Initial 1871 | . 16 105 . . . 310 730 . . . . 70 . . . . . 79 71 91 . . . . 135 37 . . 117 1871 Average 544 | 11 232 41 . . 583 884 782 . . . . 292 . . . . . 213 84 168 . . . . 163 91 . 250 1655 2428 Maximum Alert Level 5 | . 1 . . . 3 5 3 . . . . 2 . . . . . 2 . 2 . . . . 2 2 . 2 5 5 Low Security (%) 35 | 100 41 100 . 100 . . . . . . . 32 . . . . . 59 100 73 . . . . 71 91 . 53 1 . Level 1 14 | . 58 . . . 10 4 . . . . . 40 . . . . . 28 . 9 . . . . 15 6 . 19 10 . Level 2 20 | . . . . . 51 30 18 . . . . 27 . . . . . 12 . 17 . . . . 12 1 . 27 7 . Level 3 19 | . . . . . 36 37 81 . . . . . . . . . . . . . . . . . . . . . 14 . Level 4 4 | . . . . . . 25 . . . . . . . . . . . . . . . . . . . . . . 5 . Level 5 1 | . . . . . . 2 . . . . . . . . . . . . . . . . . . . . . . . 40 High Security 5 | . . . . . . . . . . . . . . . . . . . . . . . . . . . . . 59 59 Max Security . | . . . . . . . . . . . . . . . . . . . . . . . . . . . . . . . Squads Dispatched 57 | . 7 . . . 5 10 4 . . . . 3 . . . . . 6 . 2 . . . . 2 4 . 3 2 9 Investigation 10 | . 1 . . . 2 1 1 . . . . 1 . . . . . 2 . 1 . . . . . . . 1 . . Extermination 11 | . . . . . . . 2 . . . . 1 . . . . . 1 . . . . . . 2 4 . 1 . . Reinforcement 14 | . 6 . . . 1 . . . . . . 1 . . . . . 3 . . . . . . . . . . 2 1 Assault 21 | . . . . . 2 8 1 . . . . . . . . . . . . 1 . . . . . . . 1 . 8 Garrison 1 | . . . . . . 1 . . . . . . . . . . . . . . . . . . . . . . . . Intercept . | . . . . . . . . . . . . . . . . . . . . . . . . . . . . . . . Construction Impeded 1 | . . . . . . . . . . . . . . . . . . 1 . . . . . . . . . . . . Haulers Reinforced 1 | . . . . . . . . . . . . . . . . . . . . . . . . . . . . . 1 . Stealth | -11 -10 -10 -10 -9 -8 -8 -7 -7 -7 -7 -6 -6 -6 -6 -6 -6 -5 -5 -5 -5 -5 -5 -5 -4 -4 -4 -4 -3 -2 -1 --------- Run | Scr Mat Min Exi Min Mat Sto Fac Low Low Dat Pro Fac Low Low Zio Dee Pro Fac Was Fac Upp Upp War Pro Fac Arm Lab Res Res Acc Distress Signals 25 | . 1 . . . 2 3 1 . . . . 2 . . . . . 1 . . . . . . 3 . . 2 9 1 Communications Jammed . | . . . . . . . . . . . . . . . . . . . . . . . . . . . . . . . Distress Signals . | . . . . . . . . . . . . . . . . . . . . . . . . . . . . . . . Times Spotted 504 | . 38 11 . . 57 76 38 . 3 . 4 6 . 9 . 15 4 12 3 16 7 6 6 12 27 15 . 23 78 38 Peak Tracking Total 23 | . 5 3 . . 7 9 5 . 3 . 4 3 . 10 . 3 3 6 3 5 3 5 4 5 14 6 . 6 23 20 Tactical Retreats 72 | . 2 . . . 12 4 2 . 1 . . . . 4 . 2 2 3 . 3 2 2 . 3 4 3 . 5 14 4 Traps | -11 -10 -10 -10 -9 -8 -8 -7 -7 -7 -7 -6 -6 -6 -6 -6 -6 -5 -5 -5 -5 -5 -5 -5 -4 -4 -4 -4 -3 -2 -1 ------- Run | Scr Mat Min Exi Min Mat Sto Fac Low Low Dat Pro Fac Low Low Zio Dee Pro Fac Was Fac Upp Upp War Pro Fac Arm Lab Res Res Acc Traps Triggered 9 | . 2 . . . . . 3 . . . . . . . . . . 1 . . . . . . 1 1 . . . 1 Indirectly . | . . . . . . . . . . . . . . . . . . . . . . . . . . . . . . . Trap Hack Attempts . | . . . . . . . . . . . . . . . . . . . . . . . . . . . . . . . Triggered . | . . . . . . . . . . . . . . . . . . . . . . . . . . . . . . . Disarmed . | . . . . . . . . . . . . . . . . . . . . . . . . . . . . . . . Reprogrammed . | . . . . . . . . . . . . . . . . . . . . . . . . . . . . . . . Reused . | . . . . . . . . . . . . . . . . . . . . . . . . . . . . . . . Traps Extracted . | . . . . . . . . . . . . . . . . . . . . . . . . . . . . . . . Installed . | . . . . . . . . . . . . . . . . . . . . . . . . . . . . . . . Triggered 12 | . . . . . . . . . . . . . 2 1 . . . . . . . . 9 . . . . . . . Machines | -11 -10 -10 -10 -9 -8 -8 -7 -7 -7 -7 -6 -6 -6 -6 -6 -6 -5 -5 -5 -5 -5 -5 -5 -4 -4 -4 -4 -3 -2 -1 ---------- Run | Scr Mat Min Exi Min Mat Sto Fac Low Low Dat Pro Fac Low Low Zio Dee Pro Fac Was Fac Upp Upp War Pro Fac Arm Lab Res Res Acc Machines Disabled 27 | . . . . . 1 2 2 . . . . . . . . 3 . . . 7 . . 1 . 1 2 1 . 4 3 Max in Single Turn 3 | . . . . . 1 1 1 . . . . . . . . 1 . . . 3 . . 1 . 1 1 1 . 1 2 Garrison Access 13 | . . . . . 1 1 2 . . . . 4 . . . . . . . 2 . . . . 1 . . 1 1 . Machines Sabotaged . | . . . . . . . . . . . . . . . . . . . . . . . . . . . . . . . Garrisons Compromised . | . . . . . . . . . . . . . . . . . . . . . . . . . . . . . . . Overloaded Fab Kills . | . . . . . . . . . . . . . . . . . . . . . . . . . . . . . . . Fab Network Shutdowns 5 | . . . . . . . . . . . . 1 . . . . . . . . . . . . 1 1 . 1 1 . Hacking | -11 -10 -10 -10 -9 -8 -8 -7 -7 -7 -7 -6 -6 -6 -6 -6 -6 -5 -5 -5 -5 -5 -5 -5 -4 -4 -4 -4 -3 -2 -1 --------- Run | Scr Mat Min Exi Min Mat Sto Fac Low Low Dat Pro Fac Low Low Zio Dee Pro Fac Was Fac Upp Upp War Pro Fac Arm Lab Res Res Acc Machines Accessed 141 | . 2 . 2 . 13 11 24 . . 4 . 21 . . . . . 5 . 17 1 1 2 . 9 7 . 14 6 2 Terminals 81 | . 2 . . . 10 8 15 . . . . 10 . . . . . 2 . 10 . . . . 4 5 . 9 4 2 Fabricators 18 | . . . . . . . 4 . . . . 3 . . . . . . . 3 . . . . 3 2 . 2 1 . Repair Stations 10 | . . . . . 1 2 3 . . . . 1 . . . . . 1 . 1 . . . . . . . 1 . . Recycling Units . | . . . . . . . . . . . . . . . . . . . . . . . . . . . . . . . Scanalyzers 9 | . . . . . 1 . . . . . . 3 . . . . . 2 . 1 . . . . 1 . . 1 . . Garrison Access 13 | . . . . . 1 1 2 . . . . 4 . . . . . . . 2 . . . . 1 . . 1 1 . Total Hacks 540 | . 8 . 2 . 36 28 75 . . 27 . 89 . . . . . 20 . 62 1 1 2 . 52 38 . 65 26 8 Successful 396 | . 4 . 2 . 19 12 50 . . 27 . 67 . . . . . 15 . 43 1 1 2 . 46 35 . 44 20 8 Failed 140 | . 3 . . . 17 16 24 . . . . 21 . . . . . 5 . 19 . . . . 6 3 . 20 6 . Catastrophic 8 | . . . . . 2 . 1 . . . . 1 . . . . . . . 1 . . . . . . . 1 2 . Database Lockouts 4 | . 1 . . . . . 1 . . . . 1 . . . . . . . . . . . . . . . 1 . . Manual 257 | . 6 . 1 . 19 5 29 . . . . 39 . . 1 . . 9 . 33 . . 1 . 32 20 3 39 16 4 Terminals 349 | . 8 . . . 30 20 51 . . . . 49 . . . . . 10 . 39 . . . . 33 29 . 52 20 8 Fabricators 76 | . . . . . . . 14 . . . . 13 . . . . . . . 16 . . . . 13 9 . 6 5 . Repair Stations 31 | . . . . . 2 6 8 . . . . 7 . . . . . 2 . 2 . . . . . . . 4 . . Recycling Units . | . . . . . . . . . . . . . . . . . . . . . . . . . . . . . . . Scanalyzers 34 | . . . . . 2 . . . . . . 14 . . . . . 8 . 3 . . . . 5 . . 2 . . Garrison Access 17 | . . . . . 2 2 2 . . . . 6 . . . . . . . 2 . . . . 1 . . 1 1 . Terminal Hacks 172 | . 3 . 2 . 10 5 16 . . 27 . 17 . . . . . 3 . 15 1 1 2 . 17 13 . 23 11 6 Record 20 | . . . 1 . . . . . . 11 . 1 . . . . . . . . . . 1 . 1 . . 4 1 . Part Schematic 26 | . . . . . . . 2 . . 7 . 2 . . . . . . . 1 . . . . 5 1 . 2 6 . Robot Schematic 6 | . . . . . . . . . . 6 . . . . . . . . . . . . . . . . . . . . Robot Analysis 1 | . . . . . 1 . . . . . . . . . . . . . . . . . . . . . . . . . Prototype ID Bank 26 | . 2 . . . 2 1 4 . . 3 . 5 . . . . . 1 . 1 . . . . 2 1 . 1 2 1 Open Door 5 | . . . . . . 2 . . . . . . . . . . . . . . 1 1 1 . . . . . . . Level Access Points 1 | . . . . . . . . . . . . . . . . . . . . . . . . . . . . 1 . . Branch Access Points 6 | . . . . . . . 1 . . . . 1 . . . . . . . 1 . . . . 1 . . 1 1 . Machine Index 7 | . . . . . . . 1 . . . . 1 . . . . . . . 1 . . . . 1 1 . 1 1 . Terminal Index 5 | . . . . . 1 . . . . . . . . . . . . . . . . . . . 1 1 . 1 . 1 Fabricator Index 1 | . . . . . . . . . . . . . . . . . . . . . . . . . . . . . . 1 Garrison Index 1 | . . . . . . . . . . . . . . . . . . . . . . . . . . . . . . 1 Alert Level 4 | . . . . . . . . . . . . . . . . . . . . . . . . . 1 1 . 2 . . Unreport Threat 18 | . . . . . 1 1 1 . . . . 1 . . . . . 1 . 5 . . . . 4 . . 4 . . Locate Traps 17 | . . . . . 5 1 2 . . . . 1 . . . . . . . 3 . . . . . 2 . 1 . 2 Recall Investigation 2 | . . . . . . . . . . . . 1 . . . . . . . 1 . . . . . . . . . . Recall Extermination 5 | . . . . . . . . . . . . . . . . . . . . . . . . . 1 3 . 1 . . Recall Reinforcements 1 | . . . . . . . . . . . . . . . . . . 1 . . . . . . . . . . . . Recall Assault 1 | . . . . . . . . . . . . . . . . . . . . . . . . . . . . 1 . . Hauler Manifests 2 | . . . . . . . . . . . . 1 . . . . . . . . . . . . . 1 . . . . Registered Prototypes 1 | . . . . . . . . . . . . . . . . . . . . . . . . . . . . 1 . . Zone Layout 15 | . 1 . . . . . 5 . . . . 3 . . . . . . . 2 . . . . . 2 . 2 . . EX-Prototype ID Bank 1 | . . . 1 . . . . . . . . . . . . . . . . . . . . . . . . . . . Fabricator Hacks 47 | . . . . . . . 10 . . . . 7 . . . . . . . 8 . . . . 7 7 . 4 4 . Load Schematic 19 | . . . . . . . 3 . . . . 3 . . . . . . . 4 . . . . 3 3 . 1 2 . Build 28 | . . . . . . . 7 . . . . 4 . . . . . . . 4 . . . . 4 4 . 3 2 . Repair Station Hacks 25 | . . . . . 1 6 6 . . . . 4 . . . . . 2 . 2 . . . . . . . 4 . . Scan Component 13 | . . . . . 1 3 3 . . . . 2 . . . . . 1 . 1 . . . . . . . 2 . . Repair 12 | . . . . . . 3 3 . . . . 2 . . . . . 1 . 1 . . . . . . . 2 . . Recycling Unit Hacks . | . . . . . . . . . . . . . . . . . . . . . . . . . . . . . . . Scanalyzer 27 | . . . . . 2 . . . . . . 12 . . . . . 5 . 2 . . . . 5 . . 1 . . Insert Component 14 | . . . . . 1 . . . . . . 6 . . . . . 2 . 1 . . . . 3 . . 1 . . Analyze 13 | . . . . . 1 . . . . . . 6 . . . . . 3 . 1 . . . . 2 . . . . . Garrison Access Hacks 11 | . . . . . . . 2 . . . . 4 . . . . . . . 2 . . . . 1 . . 1 1 . Seal Access 11 | . . . . . . . 2 . . . . 4 . . . . . . . 2 . . . . 1 . . 1 1 . Unauthorized Hacks 114 | . 1 . . . 6 1 16 . . . . 23 . . . . . 5 . 14 . . . . 16 15 . 11 4 2 Terminals 89 | . 1 . . . 5 . 15 . . . . 17 . . . . . 4 . 8 . . . . 11 13 . 10 3 2 Track 34 | . 1 . . . 2 . 6 . . . . 8 . . . . . 1 . 3 . . . . 4 4 . 4 . 1 Assimilate 18 | . . . . . 1 . 2 . . . . 1 . . . . . 2 . 4 . . . . 2 2 . 2 2 . Botnet 31 | . . . . . 2 . 6 . . . . 7 . . . . . 1 . 1 . . . . 4 5 . 3 1 1 Disrupt 4 | . . . . . . . 1 . . . . 1 . . . . . . . . . . . . . 1 . 1 . . Operators 2 | . . . . . . . . . . . . . . . . . . . . . . . . . 1 1 . . . . Fabricators 21 | . . . . . . . 1 . . . . 5 . . . . . . . 6 . . . . 5 2 . 1 1 . Report 2 | . . . . . . . . . . . . . . . . . . . . 1 . . . . 1 . . . . . Prioritize 8 | . . . . . . . . . . . . 2 . . . . . . . 2 . . . . 2 1 . . 1 . Siphon 10 | . . . . . . . 1 . . . . 3 . . . . . . . 3 . . . . 2 1 . . . . Haulers 1 | . . . . . . . . . . . . . . . . . . . . . . . . . . . . 1 . . Repair Stations . | . . . . . . . . . . . . . . . . . . . . . . . . . . . . . . . Recycling Units . | . . . . . . . . . . . . . . . . . . . . . . . . . . . . . . . Scanalyzers 2 | . . . . . . . . . . . . 1 . . . . . 1 . . . . . . . . . . . . Extract 2 | . . . . . . . . . . . . 1 . . . . . 1 . . . . . . . . . . . . Garrison Access 2 | . . . . . 1 1 . . . . . . . . . . . . . . . . . . . . . . . . Jam 2 | . . . . . 1 1 . . . . . . . . . . . . . . . . . . . . . . . . Data Cores Recovered 2 | . . . . . 1 . . . . . . . . . . . . . . . . . . . 1 . . . . . Used 2 | . . . . . 1 . . . . . . . . . . . . . . . . . . . 1 . . . . . Hacking Detections 104 | . 2 . . . 11 8 20 . . . . 16 . . . . . 4 . 14 . . . . 6 4 . 12 5 2 Full Trace Events 5 | . . . . . 1 . 1 . . . . . . . . . . 1 . 1 . . . . . . . 1 . . Feedback Events . | . . . . . . . . . . . . . . . . . . . . . . . . . . . . . . . Feedback Blocked . | . . . . . . . . . . . . . . . . . . . . . . . . . . . . . . . Robot Schematics Acquired 6 | . . . . . . . . . . 6 . . . . . . . . . . . . . . . . . . . . Robots Built . | . . . . . . . . . . . . . . . . . . . . . . . . . . . . . . . Matter . | . . . . . . . . . . . . . . . . . . . . . . . . . . . . . . . Time . | . . . . . . . . . . . . . . . . . . . . . . . . . . . . . . . Total Robot Build Rating . | . . . . . . . . . . . . . . . . . . . . . . . . . . . . . . . Part Schematics Acquired 41 | . . . . . 1 . 2 . . 7 . 9 . . . . . 5 . 2 . . . . 6 1 . 2 6 . Parts Built 21 | . . . . . . . 5 . . . . 2 . . . . . . . 4 . . . . 2 4 . 2 2 . Matter 5088 | . . . . . . . 989 . . . . 476 . . . . . . . 710 . . . . 551 1148 . 380 834 . Time 1277 | . . . . . . . 326 . . . . 126 . . . . . . . 220 . . . . 97 372 . 62 74 . Total Part Build Rating 122 | . . . . . . . 19 . . . . 12 . . . . . . . 20 . . . . 15 28 . 10 18 . Parts Repaired 11 | . . . . . . 3 3 . . . . 1 . . . . . 1 . 1 . . . . . . . 2 . . Time 521 | . . . . . . 120 80 . . . . 65 . . . . . 103 . 95 . . . . . . . 58 . . Parts Recycled . | . . . . . . . . . . . . . . . . . . . . . . . . . . . . . . . Recycled Matter . | . . . . . . . . . . . . . . . . . . . . . . . . . . . . . . . Retrieved Matter . | . . . . . . . . . . . . . . . . . . . . . . . . . . . . . . . Retrieved Components . | . . . . . . . . . . . . . . . . . . . . . . . . . . . . . . . Parts Scanalyzed 10 | . . . . . 1 . . . . . . 5 . . . . . 2 . 1 . . . . 1 . . . . . Part Schematics Acquired 10 | . . . . . 1 . . . . . . 5 . . . . . 2 . 1 . . . . 1 . . . . . Parts Damaged 1 | . . . . . . . . . . . . . . . . . . 1 . . . . . . . . . . . . Bothacking | -11 -10 -10 -10 -9 -8 -8 -7 -7 -7 -7 -6 -6 -6 -6 -6 -6 -5 -5 -5 -5 -5 -5 -5 -4 -4 -4 -4 -3 -2 -1 ------------ Run | Scr Mat Min Exi Min Mat Sto Fac Low Low Dat Pro Fac Low Low Zio Dee Pro Fac Was Fac Upp Upp War Pro Fac Arm Lab Res Res Acc Used RIF Installer . | . . . . . . . . . . . . . . . . . . . . . . . . . . . . . . . Robots Hacked . | . . . . . . . . . . . . . . . . . . . . . . . . . . . . . . . Non-combat . | . . . . . . . . . . . . . . . . . . . . . . . . . . . . . . . Combat . | . . . . . . . . . . . . . . . . . . . . . . . . . . . . . . . Robot Hacks Applied . | . . . . . . . . . . . . . . . . . . . . . . . . . . . . . . . Relay Couplers Released . | . . . . . . . . . . . . . . . . . . . . . . . . . . . . . . . Robots Rewired 7 | . . . . . . . . . . . . . . . . . . . . . . . . . . 7 . . . . Allies Hacked . | . . . . . . . . . . . . . . . . . . . . . . . . . . . . . . . Hacks Repelled 1 | . . . . . . . . . . . . . . . . . . . . . . . . . 1 . . . . . Allies | -11 -10 -10 -10 -9 -8 -8 -7 -7 -7 -7 -6 -6 -6 -6 -6 -6 -5 -5 -5 -5 -5 -5 -5 -4 -4 -4 -4 -3 -2 -1 -------- Run | Scr Mat Min Exi Min Mat Sto Fac Low Low Dat Pro Fac Low Low Zio Dee Pro Fac Was Fac Upp Upp War Pro Fac Arm Lab Res Res Acc Total Allies 34 | . . 3 . 2 1 2 2 . . . 1 1 . . 2 . . 1 . 4 . . . . 2 9 . 2 2 . Largest Group 5 | . . 3 3 5 5 3 2 . . . 1 2 . . 2 2 1 2 . 4 1 . . . 2 4 . 2 2 . Highest-Rated Group 188 | . . 40 40 88 88 72 20 . . . 94 120 . . 188 188 94 120 . 138 26 . . . 36 188 . 70 70 . Highest-Rated Ally 94 | . . 16 16 31 31 31 10 . . . 94 94 . . 94 94 94 94 . 94 26 . . . 26 48 . 44 44 . Total Orders 28 | . . . . . 2 2 . . . . . . . . . . . . . 1 . . . . 15 6 . 2 . . STAY 14 | . . . . . 1 1 . . . . . . . . . . . . . 1 . . . . 7 3 . 1 . . FOLLOW 13 | . . . . . 1 1 . . . . . . . . . . . . . . . . . . 7 3 . 1 . . RETURN 1 | . . . . . . . . . . . . . . . . . . . . . . . . . 1 . . . . . Ally Attacks 185 | . . 9 . . 40 23 . . . . 13 4 . . . 58 1 7 . 13 . . . . . 17 . . . . Total Damage 4582 | . . 94 . . 531 380 . . . . 476 188 . . . 1584 . 292 . 476 . . . . . 561 . . . . Kills 33 | . . 1 . . 4 5 . . . . 3 2 . . . 11 . 2 . 1 . . . . . 4 . . . . Allies Corrupted 2 | . . . . . . . . . . . . . . . . . . . . . . . . . . 2 . . . . Allies Melted . | . . . . . . . . . . . . . . . . . . . . . . . . . . . . . . . Intel | -11 -10 -10 -10 -9 -8 -8 -7 -7 -7 -7 -6 -6 -6 -6 -6 -6 -5 -5 -5 -5 -5 -5 -5 -4 -4 -4 -4 -3 -2 -1 ------- Run | Scr Mat Min Exi Min Mat Sto Fac Low Low Dat Pro Fac Low Low Zio Dee Pro Fac Was Fac Upp Upp War Pro Fac Arm Lab Res Res Acc Robot Analysis Total 1 | . . . . . 1 . . . . . . . . . . . . . . . . . . . . . . . . . Derelict Logs Recovered 11 | . . 1 . . . . . 1 . . . . 1 1 2 . 1 . . . 2 1 . 1 . . . . . . Drone Launches 1 | . . . . . . . . . . . . . . . . . . . . . . . . . 1 . . . . . Drone Recoveries 1 | . . . . . . . . . . . . . . . . . . . . . . . . . 1 . . . . . Exploration | -11 -10 -10 -10 -9 -8 -8 -7 -7 -7 -7 -6 -6 -6 -6 -6 -6 -5 -5 -5 -5 -5 -5 -5 -4 -4 -4 -4 -3 -2 -1 ------------- Run | Scr Mat Min Exi Min Mat Sto Fac Low Low Dat Pro Fac Low Low Zio Dee Pro Fac Was Fac Upp Upp War Pro Fac Arm Lab Res Res Acc Turns Passed 23512 | 152 1128 1112 640 239 2386 2650 1827 84 237 24 311 1857 51 87 388 1933 343 465 20 1054 279 223 345 257 1512 1319 15 935 1182 457 Spaces Moved 33236 | 98 594 673 427 199 1254 1217 2680 245 255 82 554 3309 162 280 1132 2574 625 1047 83 2424 694 580 915 637 2393 1590 37 2291 3091 1094 Core 71 | 17 . . . . . . . . . . . . . . . . . . . . . . . . . 54 . . . . Treads 1692 | . 231 329 192 . 313 503 124 . . . . . . . . . . . . . . . . . . . . . . . Legs . | . . . . . . . . . . . . . . . . . . . . . . . . . . . . . . . Wheels 3102 | 81 363 344 235 199 941 714 225 . . . . . . . . . . . . . . . . . . . . . . . Hover 2202 | . . . . . . . . . . . . . . . . 2202 . . . . . . . . . . . . . . Flight 26169 | . . . . . . . 2331 245 255 82 554 3309 162 280 1132 372 625 1047 83 2424 694 580 915 637 2393 1536 37 2291 3091 1094 Fastest Speed 12 | 50 80 100 120 120 110 120 26 29 29 29 26 26 26 26 26 13 26 15 15 30 30 30 30 30 24 12 12 12 13 13 Average Speed 43 | 88 123 131 146 120 133 158 41 29 29 29 28 26 26 26 26 38 26 29 19 30 30 30 30 30 28 24 12 19 23 20 Slowest Speed 245 | 150 180 180 180 120 200 230 245 29 29 29 29 94 26 26 26 97 26 30 30 30 30 30 105 30 96 125 12 75 26 26 Overloaded Moves . | . . . . . . . . . . . . . . . . . . . . . . . . . . . . . . . Propulsion Burnouts . | . . . . . . . . . . . . . . . . . . . . . . . . . . . . . . . Robots Hopped 139 | . . . . . . . 32 . 2 . . 13 . . . . . 8 . 10 2 . 3 2 27 5 . 12 11 12 Cave-ins Triggered 1 | . . . . . . . . . . . . . . . . . . . . . . . . . 1 . . . . . Exploration Rate (%) 55 | 7 85 99 69 38 87 93 45 44 37 68 58 61 41 50 85 81 55 25 77 37 58 63 91 73 44 43 5 39 36 31 Regions Visited 30 Branch Regions 19 Pre-discovered Areas 3 | . . . 1 1 . . . . . 1 . . . . . . . . . . . . . . . . . . . . Known Exits Taken 8 | . . . . . . 1 1 . . . . 1 1 . . . . . . 1 . . . 1 1 . . 1 . . Unknown Exits Taken 20 | 1 1 1 1 1 1 . . 1 1 1 1 . . 1 1 1 1 . . . 1 1 1 . . 1 1 . 1 . Scrap Searched 23 | . . 1 . 1 . . . . 6 . 1 . 3 . 4 . 3 . . . 2 1 . 1 . . . . . . Spaces Dug 224 | . . . . . 2 . 13 . . . . 70 . . 2 19 . 6 . 14 1 4 . . 31 15 1 11 23 12 Terrain Destroyed 1755 | . . 3 . . 109 224 91 . . . 36 122 . 40 2 23 74 57 . 44 33 118 52 19 34 64 1 31 449 129 Melee 158 | . . . . . . . 8 . . . . 66 . . 2 . . 6 . 11 1 1 . . 25 11 1 11 4 11 Projectile 127 | . . 3 . . 8 . 12 . . . . 39 . . . 23 . 6 . 4 . 4 . . 9 6 . 1 9 3 AOE 1470 | . . . . . 101 224 71 . . . 36 17 . 40 . . 74 45 . 29 32 113 52 19 . 47 . 19 436 115 Terrain Rammed . | . . . . . . . . . . . . . . . . . . . . . . . . . . . . . . . Walls Destroyed . | . . . . . . . . . . . . . . . . . . . . . . . . . . . . . . . Machines Disabled . | . . . . . . . . . . . . . . . . . . . . . . . . . . . . . . . Actions | -11 -10 -10 -10 -9 -8 -8 -7 -7 -7 -7 -6 -6 -6 -6 -6 -6 -5 -5 -5 -5 -5 -5 -5 -4 -4 -4 -4 -3 -2 -1 --------- Run | Scr Mat Min Exi Min Mat Sto Fac Low Low Dat Pro Fac Low Low Zio Dee Pro Fac Was Fac Upp Upp War Pro Fac Arm Lab Res Res Acc Total 40440 | 131 846 860 438 199 1728 1674 3250 257 415 81 703 4117 169 289 1211 3438 798 1147 85 2662 756 607 980 696 3080 2452 40 2678 3415 1238 Wait 4854 | . 119 152 2 . 223 211 281 13 163 . 135 616 . 4 60 542 166 61 . 140 53 10 15 57 565 777 . 272 159 58 Move 32944 | 97 593 672 426 198 1254 1216 2616 244 251 81 553 3282 161 279 1131 2573 624 1031 82 2404 689 579 910 633 2343 1579 36 2267 3070 1070 Hop 123 | . . . . . . . 31 . 1 . . 13 . . . . . 8 . 9 2 . 1 1 21 5 . 11 9 11 Pick Up 322 | 8 24 4 4 1 30 12 47 . . . 1 18 1 . 2 91 1 4 1 10 1 . 14 . 10 5 . 12 17 4 Fast Attach 77 | 6 . 1 . . 8 2 12 . . . 1 . . . 2 20 . 2 . 6 1 . 3 . . . . 8 5 . Attach 139 | 1 2 3 . . 10 4 24 . . . 2 8 1 1 1 29 . 3 . 2 1 . 11 . 9 1 . 8 10 8 Detach 46 | . 1 . . . 1 . 11 . . . 1 2 2 1 . 9 . . . 1 . . 3 . 2 . . 3 4 5 Swap 377 | 3 20 2 4 . 59 53 21 . . . 4 28 4 . 4 14 . 9 1 29 4 4 2 4 40 29 1 13 16 9 Drop 284 | 2 13 4 2 . 23 12 53 . . . 2 11 . . 2 74 1 4 1 13 2 . 16 . 7 5 . 14 20 3 Fire 878 | 14 70 22 . . 120 164 74 . . . 4 54 . 4 1 86 6 9 . 29 2 11 5 1 42 22 . 36 83 19 Melee 297 | . . . . . . . 25 . . . . 85 . . 8 . . 16 . 19 1 3 . . 31 16 3 34 22 34 Ram . | . . . . . . . . . . . . . . . . . . . . . . . . . . . . . . . Kick . | . . . . . . . . . . . . . . . . . . . . . . . . . . . . . . . Crush 5 | . 4 . . . . . 1 . . . . . . . . . . . . . . . . . . . . . . . Escape Stasis 81 | . . . . . . . 54 . . . . . . . . . . . . . . . . . 10 . . . . 17 Rewire 13 | . . . . . . . . . . . . . . . . . . . . . . . . . . 13 . . . . Trap . | . . . . . . . . . . . . . . . . . . . . . . . . . . . . . . . Miscellaneous . | . . . . . . . . . . . . . . . . . . . . . . . . . . . . . . . Route ------- -11/Scrapyard -10/Materials (discovered 5 exits: [*Mat x3] / [*Min x2]) -10/Mines (discovered 3 exits: [*Mat x2] / *Exi) -10/Exiles (discovered 2 exits: [*Min x2]) -9/Mines -8/Materials (discovered 4 exits: *Fac x3 / *Sto) -8/Storage -7/Factory (discovered 4 exits: *Fac x2 / *Low x2) -7/Lower Caves -7/Lower Caves -7/Data Miner -6/Proximity Caves -6/Factory (discovered 6 exits: *Fac x2 / *Low x2 / *Ext x2) -6/Lower Caves -6/Lower Caves -6/Zion (discovered 2 exits: [*Dee] / [*Pro]) -6/Deep Caves -5/Proximity Caves -5/Factory (discovered 2 exits: Fac / Upp) -5/Waste -5/Factory (discovered 4 exits: *Fac x2 / *Upp x2) -5/Upper Caves -5/Upper Caves -5/Warlord -4/Proximity Caves -4/Factory (discovered 4 exits: *Res / *Upp x2 / *Arm) -4/Armory -4/Lab -3/Research (discovered 5 exits: *Res x3 / *Tes x2) -2/Research (discovered 3 exits: *Acc / Qua x2) -1/Access To Epsilon Eridani History --------- Turn | Location | Event 5 | -11/Scrapyard | Discovered new exit (range 15) 153 | -11/Scrapyard | Entered Materials 312 | -10/Materials | Build established: Mutant 318 | -10/Materials | Discovered new exit (range 15) 575 | -10/Materials | Discovered new exit (range 14) 1008 | -10/Materials | Discovered new exit (range 16) 1129 | -10/Materials | Core integrity fell below 50% 1189 | -10/Materials | Discovered new exit (range 8) 1205 | -10/Materials | Discovered new exit (range 11) 1205 | -10/Materials | Central database locked down 1281 | -10/Materials | Entered Mines 1283 | -10/Mines | Joined a pair of Derelicts in attacking an 0b10 outpost 1426 | -10/Mines | Discovered new exit (range 15) 1451 | -10/Mines | Deemed a non-threat by the Exiles lab entrance 1451 | -10/Mines | Discovered new exit (range 5) 1500 | -10/Mines | Assembled infested the area 1955 | -10/Mines | Learned Materials stockpile data 2029 | -10/Mines | Discovered new exit (range 5) 2181 | -10/Mines | Assisted by bots powering up and referring to "LRC-V3" 2393 | -10/Mines | Entered Exiles 2393 | -10/Exiles | Accompanied by 3 allies 2420 | -10/Exiles | Discovered new exit (range 15) 2442 | -10/Exiles | Met 8R-AWN 2464 | -10/Exiles | Met EX-HEX 2567 | -10/Exiles | Met EX-DEC 2597 | -10/Exiles | Learned location of Zion (-6) 2745 | -10/Exiles | Met EX-BIN 2765 | -10/Exiles | Aligned with FarCom system 2766 | -10/Exiles | Given EX-Vault access code 2797 | -10/Exiles | Opened EX-Vault 2806 | -10/Exiles | Found Lightpack 2.0 2825 | -10/Exiles | Build established: Hauler-Mutant 2833 | -10/Exiles | Warned to stay clear of 0b10 Research branches 3018 | -10/Exiles | Discovered new exit (range 10) 3033 | -10/Exiles | Left Exiles lab with Lightpack 2.0 3033 | -10/Exiles | Entered Mines 3033 | -9/Mines | Accompanied by 3 allies 3149 | -9/Mines | Learned location of Storage (-8) 3252 | -9/Mines | Discovered new exit (range 8) 3272 | -9/Mines | Entered Materials 3272 | -8/Materials | Accompanied by 5 allies 3272 | -8/Materials | Evolved 4 slots: Propulsion x1, Utility x3 3277 | -8/Materials | Led the pair of lost Derelicts to an unsafe place 3424 | -8/Materials | Discovered new exit (range 15) 3969 | -8/Materials | Discovered new exit (range 8) 4035 | -8/Materials | Identified exit to Factory 4393 | -8/Materials | Lost 3 parts (1n2u) 4472 | -8/Materials | First assault squad dispatched 4535 | -8/Materials | Discovered exit to Factory (range 10) 4545 | -8/Materials | Destroyed 11 combat bots 5121 | -8/Materials | Discovered exit to Factory (range 16) 5658 | -8/Materials | Entered Storage 5658 | -8/Storage | Accompanied by 1 ally 5679 | -8/Storage | Met a pair of Derelict thieves 6003 | -8/Storage | Repaired Rocket Launcher 6052 | -8/Storage | Repaired Med. Reactive Plating 6058 | -8/Storage | First assault squad dispatched 7069 | -8/Storage | Discovered exit to Factory (range 16) 7167 | -8/Storage | Repaired Med. Reactive Plating 7515 | -8/Storage | Garrison activated, responded to threat 7769 | -8/Storage | Destroyed 8 combat bots 8182 | -8/Storage | Destroyed 8 combat bots 8308 | -8/Storage | Entered Factory 8308 | -7/Factory | Accompanied by 1 ally 8308 | -7/Factory | Evolved 2 slots: Power x1, Propulsion x1 8708 | -7/Factory | First assault squad dispatched 8760 | -7/Factory | Fabricated Imp. VTOL Module? 9321 | -7/Factory | Build established: Hauler-Sprinter 9521 | -7/Factory | Discovered new exit (range 4) 9524 | -7/Factory | Identified exit to Lower Caves 9650 | -7/Factory | Repaired Lgt. Angular Momentum Engine 9740 | -7/Factory | Repaired Lgt. Angular Momentum Engine 9781 | -7/Factory | Repaired Imp. VTOL Module 9784 | -7/Factory | Discovered new exit (range 4) 9814 | -7/Factory | Central database locked down 9862 | -7/Factory | Fabricated Imp. VTOL Module? 9946 | -7/Factory | Fabricated Imp. VTOL Module? 9987 | -7/Factory | Fabricated Imp. Hacking Suite (x1) 10036 | -7/Factory | Fabricated Imp. Hacking Suite (x1) 10135 | -7/Factory | Entered Lower Caves 10165 | -7/Lower Caves | Learned Factory stockpile data 10198 | -7/Lower Caves | Discovered new exit (range 13) 10219 | -7/Lower Caves | Entered another Lower Caves area 10425 | -7/Lower Caves | Encountered a Warlord checkpoint 10441 | -7/Lower Caves | Discovered new exit (range 9) 10456 | -7/Lower Caves | Entered Data Miner 10456 | -7/Data Miner | Discovered new exit (range 6) 10462 | -7/Data Miner | Met Data Miner 10469 | -7/Data Miner | Learned location of Section 7 (-2) 10469 | -7/Data Miner | Acquired the access code to Warlord's prototype stash 10473 | -7/Data Miner | Received God Mode back door access code from Data Miner 10480 | -7/Data Miner | Entered Proximity Caves 10499 | -6/Proximity Caves | Escorted by Enhanced Grunt 10660 | -6/Proximity Caves | Spotted B-75 Beast 10749 | -6/Proximity Caves | Discovered new exit (range 2) 10791 | -6/Proximity Caves | Entered Factory 10791 | -6/Factory | Accompanied by 1 ally 10791 | -6/Factory | Evolved 2 slots: Utility x2 11009 | -6/Factory | Identified exit to Lower Caves 11009 | -6/Factory | Identified exit to Extension 11094 | -6/Factory | Build established: Hacker-Sprinter 11166 | -6/Factory | Fabricated Combat Drone Bay (x1) 11182 | -6/Factory | Fabricated Mni. Smartbomb Launcher? 11182 | -6/Factory | Repaired Imp. Cesium-ion Thruster? 11195 | -6/Factory | Local fabrication network quarantined 11783 | -6/Factory | Discovered new exit (range 7) 12318 | -6/Factory | Discovered new exit (range 8) 12360 | -6/Factory | Central database locked down 12648 | -6/Factory | Entered Lower Caves 12688 | -6/Lower Caves | Identified exit to Lower Caves 12699 | -6/Lower Caves | Entered another Lower Caves area 12708 | -6/Lower Caves | Learned Factory emergency access door positions 12765 | -6/Lower Caves | Encountered a Warlord checkpoint 12786 | -6/Lower Caves | Discovered new exit (range 4) 12786 | -6/Lower Caves | Entered Zion 12808 | -6/Zion | Given A8's code to call for help 12808 | -6/Zion | Discovered new exit (range 11) 12834 | -6/Zion | Learned 8 Factory zone layouts 12850 | -6/Zion | Found Prototype Device 12851 | -6/Zion | Identified Phasing AFG 12909 | -6/Zion | Discovered new exit (range 3) 12926 | -6/Zion | Found CR-A16's Pointy Stick 13110 | -6/Zion | Enhanced Grunt warped into view, answering call for help 13120 | -6/Zion | Enhanced Grunt warped into view, answering call for help 13164 | -6/Zion | Saw the warning signs outside the Deep Caves entrance 13174 | -6/Zion | Entered Deep Caves 13174 | -6/Deep Caves | Accompanied by 2 allies 13254 | -6/Deep Caves | Attacked by Z-Imprinter 13262 | -6/Deep Caves | Allies destroyed Z-Imprinter 13272 | -6/Deep Caves | Found Prototype Device 13272 | -6/Deep Caves | Identified Zio. Metafield Generator 13285 | -6/Deep Caves | Found Prototype Protection 13285 | -6/Deep Caves | Identified Zio. Weapon Casing 13479 | -6/Deep Caves | Z-Facility disabled 13614 | -6/Deep Caves | Build established: Scavenger-Mutant 13796 | -6/Deep Caves | Discovered new exit (range 6) 13856 | -6/Deep Caves | Found Surveybot 24 Chip 14083 | -6/Deep Caves | Found Prototype Protection 14202 | -6/Deep Caves | Found Zio. Weapon Casing 14203 | -6/Deep Caves | Found Prototype Protection 14226 | -6/Deep Caves | Identified Zio. Heavy Carapace 14405 | -6/Deep Caves | Spotted as-51615 14419 | -6/Deep Caves | Destroyed as-51615 14568 | -6/Deep Caves | Found Gui. Plasma Cannon 14774 | -6/Deep Caves | Exposed GOLEM chamber 14803 | -6/Deep Caves | Found GOLEM Unit 14809 | -6/Deep Caves | Found GOLEM Unit 15107 | -6/Deep Caves | Entered Proximity Caves 15107 | -5/Proximity Caves | Accompanied by 1 ally 15324 | -5/Proximity Caves | Build established: Hauler-Sprinter 15415 | -5/Proximity Caves | Discovered new exit (range 14) 15450 | -5/Proximity Caves | Entered Factory 15450 | -5/Factory | Accompanied by 1 ally 15450 | -5/Factory | Evolved 2 slots: Utility x2 15451 | -5/Factory | Identified exit to Upper Caves 15452 | -5/Factory | Identified exit to Factory 15557 | -5/Factory | Incoming investigation squad redirected 15674 | -5/Factory | Repaired Broken Adv. Phase Shifter? 15790 | -5/Factory | Build established: Hacker-Sprinter 15841 | -5/Factory | Incoming investigation squad redirected 15915 | -5/Factory | Sucked down chute 15915 | -5/Factory | Entered Waste 15926 | -5/Waste | Spotted C-40 Crusher 15928 | -5/Waste | Spotted C-40 Crusher 15928 | -5/Waste | Spotted C-40 Crusher 15928 | -5/Waste | Spotted C-40 Crusher 15929 | -5/Waste | Spotted C-40 Crusher 15930 | -5/Waste | EMP discharged 15931 | -5/Waste | Spotted C-40 Crusher 15932 | -5/Waste | Discovered new exit (range 10) 15933 | -5/Waste | Found Broken Adv. Powered Armor 15935 | -5/Waste | Entered Factory 15945 | -5/Factory | 1 allies followed down the chute 16235 | -5/Factory | First assault squad dispatched 16362 | -5/Factory | P-70 Sage assimilated allied Technician 6a 16544 | -5/Factory | Discovered exit to Factory (range 6) 16600 | -5/Factory | Discovered exit to Factory (range 13) 16735 | -5/Factory | Fabricated Exp. Utility Shielding? 16785 | -5/Factory | Fabricated Exp. Sensor Array (x1) 16791 | -5/Factory | Fabricated Imp. System Shield? 16847 | -5/Factory | Fabricated Imp. System Shield? 16891 | -5/Factory | Repaired Broken Adv. Powered Armor 16989 | -5/Factory | Entered Upper Caves 16989 | -5/Upper Caves | Accompanied by 1 ally 17023 | -5/Upper Caves | Learned location of 1 exit from Factory 17129 | -5/Upper Caves | Learned Factory garrison access intel 17159 | -5/Upper Caves | Encountered a Warlord checkpoint 17267 | -5/Upper Caves | Discovered new exit (range 5) 17268 | -5/Upper Caves | Entered another Upper Caves area 17479 | -5/Upper Caves | Discovered new exit (range 6) 17491 | -5/Upper Caves | Entered Warlord 17502 | -5/Warlord | System corruption cleaned by Quarantine Array 17638 | -5/Warlord | Met Warlord 17642 | -5/Warlord | Opened Warlord's prototype stash 17645 | -5/Warlord | Found Prototype Reactor 17646 | -5/Warlord | Identified Vortex Chain Reactor 17652 | -5/Warlord | Found Prototype Device 17653 | -5/Warlord | Identified Exp. Cloaking Device 17662 | -5/Warlord | Found Prototype Hackware 17663 | -5/Warlord | Warlord's base attacked by MAIN.C 17667 | -5/Warlord | Found Prototype Device 17668 | -5/Warlord | Identified Exp. Focal Shield 17679 | -5/Warlord | Found Prototype Processor 17705 | -5/Warlord | Found Prototype Device 17705 | -5/Warlord | Identified Minesniffer Drone Bay 17726 | -5/Warlord | Found Prototype Energy Gun 17727 | -5/Warlord | Identified Vortex Rifle 17832 | -5/Warlord | Discovered new exit (range 14) 17836 | -5/Warlord | Entered Proximity Caves 17852 | -4/Proximity Caves | Learned Research non-interactive machine intel 17863 | -4/Proximity Caves | Spotted B-86 Titan 18092 | -4/Proximity Caves | Discovered exit to Factory (range 4) 18093 | -4/Proximity Caves | Entered Factory 18093 | -4/Factory | Evolved 2 slots: Utility x2 18094 | -4/Factory | Identified exit to Upper Caves 18096 | -4/Factory | Loaded intel: 4 garrison access locations 18386 | -4/Factory | Discovered new exit (range 4) 18442 | -4/Factory | Identified System Mapper 18598 | -4/Factory | Identified exit to Armory 18752 | -4/Factory | Build established: Wizard-Sprinter 18851 | -4/Factory | Crushed by falling debris 18998 | -4/Factory | Identified Spectral Analyzer 19005 | -4/Factory | Fabricated Electron Diverter? 19028 | -4/Factory | Fabricated Inertial Stasis Machine? 19108 | -4/Factory | Local fabrication network quarantined 19476 | -4/Factory | P-70 Sage assimilated allied Technician 7a 19605 | -4/Factory | Entered Armory 20199 | -4/Armory | Discovered new exit (range 3) 20415 | -4/Armory | Fabricated Combat Drone Bay? 20515 | -4/Armory | Fabricated Exp. Melee Analysis Suite? 20733 | -4/Armory | Fabricated Exp. Melee Analysis Suite (x1) 20749 | -4/Armory | Spotted B-86 Titan 20816 | -4/Armory | Build established: Hacker-Sprinter 20898 | -4/Armory | Local fabrication network quarantined 20913 | -4/Armory | Fabricated Electron Diverter (x1) 20924 | -4/Armory | Entered Lab 20924 | -4/Lab | Discovered new exit (range 9) 20926 | -4/Lab | Unable to decrypt terminal 20926 | -4/Lab | Unable to decrypt terminal 20939 | -4/Lab | Entered Research 20939 | -3/Research | Evolved 2 slots: Utility x2 20940 | -3/Research | Loaded intel: 73 non-interactive machine locations 20999 | -3/Research | Spotted B-86 Titan 21069 | -3/Research | Revealed the true nature of CR-A16's Pointy Stick 21073 | -3/Research | Destroyed B-86 Titan 21164 | -3/Research | Identified exit to Testing 21205 | -3/Research | Fabricated Imp. Hacking Suite (x1) 21237 | -3/Research | Fabricated Imp. Hacking Suite (x1) 21329 | -3/Research | Repaired Adv. Powered Armor? 21384 | -3/Research | Repaired Electron Diverter 21438 | -3/Research | Local fabrication network quarantined 21496 | -3/Research | Central database locked down 21518 | -3/Research | Build established: Wizard-Sprinter 21565 | -3/Research | Found Enh. Force Lance 21689 | -3/Research | First assault squad dispatched 21690 | -3/Research | Identified exit to Research 21787 | -3/Research | Incoming investigation squad redirected 21874 | -3/Research | Entered another Research area 21874 | -2/Research | Warlord forces began assault on 0b10 21874 | -2/Research | Evolved 2 slots: Utility x2 21885 | -2/Research | Met up with Warlord 21900 | -2/Research | Identified exit to Quarantine 21934 | -2/Research | Fabricated Exp. Force Field (x1) 21973 | -2/Research | Fabricated Dimensional Manipulator? 21984 | -2/Research | Research machine network offline 22011 | -2/Research | Borebot progress halted 22044 | -2/Research | Found Prototype Device 22282 | -2/Research | Local fabrication network quarantined 22310 | -2/Research | Destroyed 5C-8FW(H) 22319 | -2/Research | Spotted Executioner 22321 | -2/Research | Destroyed Executioner 22353 | -2/Research | High security lockdown imminent 22368 | -2/Research | Destroyed 13 combat bots 22433 | -2/Research | High security lockdown engaged 22583 | -2/Research | Spotted Striker 22712 | -2/Research | Spotted Investigator 22713 | -2/Research | Destroyed Investigator 22717 | -2/Research | Spotted Striker 22742 | -2/Research | Destroyed Striker 22930 | -2/Research | Warlord destroyed during the assault 22936 | -2/Research | Spotted Executioner 22984 | -2/Research | Spotted Executioner 23024 | -2/Research | Destroyed 9 combat bots 23053 | -2/Research | Discovered new exit (range 12) 23056 | -2/Research | Entered Access 23056 | -1/Access | Evolved 2 slots: Utility x1, Weapon x1 23243 | -1/Access | High security lockdown imminent 23308 | -1/Access | Destroyed 12 combat bots 23321 | -1/Access | Found Exp. Phase Shifter 23323 | -1/Access | High security lockdown engaged 23510 | -1/Access | Discovered new exit (range 4) 23513 | *** | Escaped! Last Messages --------------- 23409_ G-73 Enforcer unfolds itself. 23409_ B-74 Champion unfolds itself. 23409_ I-47 Archangel unfolds itself. 23441_ System corrupted: CR-A16's Behemoth Slayer targeting data glitched. 23443_ ALERT: Assault forces dispatched. 23447_ Slug penetrates Wall. 23457_ BHK984YNT5E#R11GAD4U 23474_ Plasma Lance follow-up attack on W-44 Eye. 23474_ W-44 Eye destroyed. 23476_ Acquired 37 matter. 23477_ Sneak attack on K-01 Serf. 23477_ Destroyed Wheel. 23480_ K-01 Serf destroyed. 23482_ Acquired 26 matter. 23488_ Sneak attack on T-07 Excavator. 23488_ T-07 Excavator suffers critical hit. 23488_ T-07 Excavator destroyed. 23491_ Acquired 23 matter. 23510_ Main Access Shell breached. 23510_ EXIT=FOUND Map ----- +----------------------------------------------------+ | ?????????????????????????????????????????????????? | | ?????????????????????????????????????????????????? | | ?????????????????????????????????????????????????? | | ?????????????????????????????????????????????????? | | ?????????????????????????????????????????????????? | | ?????????????????????????????????????????????????? | | ?????????????????????????????????????????????????? | | ????????????????????????????s????????????????????? | | ?????????????????????????????????????????????????? | | ??????????????????????????????????Y??????????????? | | ?????????????????????????????????????????????????? | | ?????????????????????????????????????????????????? | | ?????????????????????????????????????????????????? | | ?????????????????????????????????????????????????? | | ?????????????????????BB????BB????????????????????? | | ?????????????????????BB????BB????????????????????? | | ?????????????????????????????????????????????????? | | ?????????????????????????????????????????????????? | | ?????????????????????????????????????????????????? | | ?????????????????????????????????????????????????? | | ???????????????????????????"""#??????????????????? | | ??????????????????????????? #??????????????????? | | ??????????????????????"""""" #??????????????????? | | ??????????????????????" " #??????????????????? | | #?????????????????????" "" " #??????????????????? | | ?????????????????????" "@ " #??????????????????? | | ?????????????????????" #??????????????????? | | ??????????????????# """""" #??????????????????? | | ?????????? #??????# ##?????????????????? | | # ???"""? #??????# ;##????????????????? | | # """""" #??????"""""""""""""#????????????????? | | # """""" #??????#"" ""#????????????????? | | # """""" #??????#"" ###????????????????? | | # """""" #??????#"" #??????????????????? | | # #??????#T #??????????????????? | | #? ???????#"" #??????????????????? | | #??? ?????????#"" #??????????????????? | | +######+############"" #??????????????????? | | ! | ???????????? | | = ??????????? | | +#############+####################+###??????????? | | ????????? ????????????????????????????????? | | #????? #???????????????????????????????? | | #??? #???????????????????????????????? | | #? #???????????????????????????????? | | # #???????????????????????????????? | | # #???????????????????????????????? | | # #???????????????????????????????? | | # #???????????????????????????????? | | # " #???????????????????????????????? | +----------------------------------------------------+ Best States ------------- Heat Dissipation 67 Coolant Potential 120 Energy Generation 55 Energy Capacity 1170 Matter Stores 300 Matter Capacity 300 Sight Range 16 Robot Scan Range 30 Terrain Scan Density 10 ECM Strength 3 Cloak Strength 4 Additional Mass Support 47 Armor Coverage 1700 Resistance: KI 30 Resistance: TH 15 Resistance: EX 15 Resistance: EM 15 Resistance: I 15 Resistance: S 15 Resistance: P 15 Utility Shielding 90 Weapon Shielding 100 Phase Shifting 20 Evasion (%) 98 Targeting Accuracy 8 Melee Accuracy 12 Recoil Reduction 4 Salvage Targeting 6 Offensive Hacking 60 Defensive Hacking 34 Item Schematics ----------------- Imp. VTOL Module | -8/Materials | Scanalyzed Imp. Utility Shielding | -7/Factory | Hacked Imp. Propulsion Shielding | -7/Factory | Hacked Combat Drone Bay | -7/Data Miner | Free Lgt. Regenerative Plating | -7/Data Miner | Free Exp. Flexi-carbon Leg | -7/Data Miner | Free Exp. Sensor Array | -7/Data Miner | Free Exp. Targeting Computer | -7/Data Miner | Free Mni. Smartbomb Launcher | -7/Data Miner | Free Kinetic Spear | -7/Data Miner | Free Adv. ECM Suite | -6/Factory | Hacked Cld. Cesium-ion Thruster | -6/Factory | Scanalyzed Imp. System Backup Module | -6/Factory | Scanalyzed Imp. System Shield | -6/Factory | Hacked Gravity Neutralizing Apparatus | -6/Factory | Scanalyzed Fusion Compressor | -6/Factory | Scanalyzed Actuator Array | -6/Factory | Extracted Nuclear Pulse Thruster | -6/Factory | Extracted Imp. Hacking Suite | -6/Factory | Scanalyzed Lrg. Battery | -5/Factory | Extracted Com. Matter Pod | -5/Factory | Extracted Imp. Cryofiber Web | -5/Factory | Extracted Adv. Reaction Control System | -5/Factory | Scanalyzed Adv. Phase Shifter | -5/Factory | Scanalyzed Adv. Powered Armor | -5/Factory | Scanalyzed Exp. Utility Shielding | -5/Factory | Hacked Exp. Terrain Scanner | -4/Factory | Hacked Mni. Fusion Reactor | -4/Factory | Hacked Imp. Fusion Compressor | -4/Factory | Hacked Inertial Stasis Machine | -4/Factory | Hacked Exp. Melee Analysis Suite | -4/Factory | Hacked Electron Diverter | -4/Factory | Scanalyzed Lgt. Quantum Reactor | -4/Armory | Hacked Exp. Force Field | -3/Research | Hacked Cmb. Linear Gravjet | -3/Research | Hacked Exp. Armor Integrity Analyzer | -2/Research | Hacked Exp. Actuator Array | -2/Research | Hacked Dimensional Manipulator | -2/Research | Hacked Nanosword | -2/Research | Hacked Femtoactuators | -2/Research | Hacked Exp. Phase Shifter | -2/Research | Hacked Robot Schematics ------------------ S-27 Virus | -7/Data Miner | Free G-50 Soldier | -7/Data Miner | Free X-72 Disruptor | -7/Data Miner | Free H-66 Slayer | -7/Data Miner | Free I-36 Angel | -7/Data Miner | Free I-47 Archangel | -7/Data Miner | Free Fabricated ------------ Imp. VTOL Module | x1 | -7/Factory Imp. VTOL Module | x1 | -7/Factory Imp. VTOL Module | x1 | -7/Factory Imp. Hacking Suite | x1 | -7/Factory | Preloaded Imp. Hacking Suite | x1 | -7/Factory | Preloaded Combat Drone Bay | x1 | -6/Factory Mni. Smartbomb Launcher | x1 | -6/Factory Exp. Utility Shielding | x1 | -5/Factory Exp. Sensor Array | x1 | -5/Factory Imp. System Shield | x1 | -5/Factory Imp. System Shield | x1 | -5/Factory Electron Diverter | x1 | -4/Factory Inertial Stasis Machine | x1 | -4/Factory Combat Drone Bay | x1 | -4/Armory Exp. Melee Analysis Suite | x1 | -4/Armory Exp. Melee Analysis Suite | x1 | -4/Armory Electron Diverter | x1 | -4/Armory Imp. Hacking Suite | x1 | -3/Research Imp. Hacking Suite | x1 | -3/Research Exp. Force Field | x1 | -2/Research Dimensional Manipulator | x1 | -2/Research Alien Tech Used ----------------- None Achievements -------------- Origins Challenges ------------ None Game ------ Seed NovaSlugScreen Manual? 0 Play Time 12:14:29 Cumulative 275.9 hours Start 2020.12.29 @ 18:49:09 End 2020.12.31 @ 05:12:30 Sessions 9 Manual Loads 0 Difficulty Rogue Special Mode None Game No. 95 Rogue 91 Adventurer 4 Explorer 0 Win Type 0 Total 4 Types 3/0/1/0/0/0/0/0/0 Lore% 66 Gallery% 76 Achievement% 61 Wizard Run 0 Options --------- ASCII 0 Keyboard 0 Movement Arrows Keybinds 0 Fullscreen 1 Font 18/SmallcapsGlow Map View 76x50 Tactical HUD 1 Map Filters NONE Filters NONE Steam 1 RUN: 9c132aa2-216b-453d-9f5a-255fdca7c476